 Dungeon Crawl Stone Soup version 0.26.1-2-gb8aa6d0cf2 (webtiles) character file.

Game seed: 16384664272995222655

195 DearestLeader the Sneak (level 5, -6/24 HPs)
             Began as a Spriggan Enchanter on Mar 29, 2021.
             Mangled by an ice beast (9 damage)
             ... on level 4 of the Dungeon.
             The game lasted 00:09:21 (5148 turns).

DearestLeader the Sneak (Spriggan Enchanter)        Turns: 5148, Time: 00:09:21

Health: -6/24      AC:  2    Str:  4    XL:     5   Next: 45%
Magic:  7/10       EV: 22    Int: 24    God:
Gold:   280        SH:  0    Dex: 16    Spells: 1/10 levels left

rFire    . . .     SeeInvis +   x - +1 dagger (speed)
rCold    . . .     Faith    .   (shield restricted)
rNeg     . . .     Spirit   .   b - +0 robe
rPois    .         Reflect  .   (helmet restricted)
rElec    .         Harm     .   (no cloak)
rCorr    .         Rampage  .   (gloves unavailable)
Will     .....                  (boots unavailable)
Stlth    +++.......             (no amulet)
HPRegen  0.08/turn              q - +4 ring of evasion
MPRegen  0.12/turn              w - +6 ring of intelligence

@: very quick
A: very small, unfitting armour, see invisible, speed 3
a: no special abilities


You were on level 4 of the Dungeon.
You visited 1 branch of the dungeon, and saw 5 of its levels.
You also visited: Ossuary.

You collected 280 gold pieces.

Inventory:

Hand Weapons
 d - a +0 hunting sling
 g - a +1 short sword of protection
 x - a +1 dagger of speed (weapon)
Missiles
 e - 264 stones
 s - 16 poisoned darts (quivered)
Armour
 b - a +0 robe (worn)
Jewellery
 h - a +6 ring of strength
 m - an uncursed ring of resist corrosion
 q - a +4 ring of evasion (left hand)
 w - a +6 ring of intelligence (right hand)
Scrolls
 n - a scroll of immolation
 o - a scroll of teleportation
 r - 2 scrolls of remove curse
 t - a scroll of amnesia {unknown}
 v - a scroll of noise {unknown}
Potions
 c - 2 potions of curing
 i - 2 potions of attraction
 j - a potion of might {unknown}
 k - a potion of berserk rage {unknown}
 l - 2 potions of resistance {unknown}
 u - a potion of degeneration {unknown}


   Skills:
 * Level 4.2 Short Blades
 - Level 3.0 Dodging
 + Level 6.0 Stealth
 - Level 3.0 Spellcasting
 + Level 4.8 Hexes


You had one spell level left.
You knew the following spells:

 Your Spells              Type           Power        Failure   Level
a - Corona                Hex            28%          1%          1
b - Ensorcelled Hibernat  Hex/Ice        30%          6%          2
c - Confusing Touch       Hex            26%          4%          3
d - Dazzling Flash        Conj/Hex       30%          12%         3

Your spell library contained the following spells:

 Spells                   Type           Power        Failure   Level
 Tukima's Dance           Hex            26%          4%          3
 Silence                  Hex/Air        7%           75%         5
 Invisibility             Hex            26%          93%         6
 Dragon Form              Tmut           1%           100%        7


Dungeon Overview and Level Annotations

Branches:
Dungeon (5/15)            Ossuary (visited)
 Temple: D:4-7

Altars:
Sif Muna


Innate Abilities, Weirdness & Mutations

You are very small and have problems with some larger weapons.
You are too small for most types of armour.
You have supernaturally acute eyesight. (SInv)
You cover ground extremely quickly.


Message History

You hit the ice beast but do no damage. You hit the ice beast but do no damage.
There is an open door here.
You hit the ice beast but do no damage.
The ice beast appears confused.
The ice beast hits you but does no damage.
You hit the ice beast but do no damage. You hit the ice beast.
The ice beast is lightly wounded.
The ice beast hits you. The ice beast freezes you!
Ouch! That really hurt!
* * * LOW HITPOINT WARNING * * *
You catch the helpless ice beast completely off-guard!
You impale the ice beast!!
The ice beast is almost dead.
You hit the ice beast but do no damage.
The ice beast is almost dead.
The ice beast hits you.
* * * LOW HITPOINT WARNING * * *
The ice beast freezes you!
You die...

.#####.##...#.####.........#
.### #.####.#.# #.......##.#
...# #.####.#.# #...###.##.#
##.# #........# #..<....##.#
#.# #####...## #..###..##.#
##.# ##.....###.......##.#
#..# ##...)...###.......(.#
...####.........####...#####
......+.........@Y..>...#
...####....[....####...##
#...# ##.......## #...#
....# ##.....## #.### #...#
##...## #.# ##### ##'## #.#
###########.# #.#
.........##.# #.#
##..####.##.## #.#


You could see an ice beast (confused).

Vanquished Creatures
  A scorpion (D:4)
  A mummy (Ossuary)
  6 adders
  2 worms (D:2)
  A leopard gecko (D:3)
  2 orcs
  A giant cockroach (D:4)
  4 goblins
  5 hobgoblins
  9 jackals
  2 quokkas
  2 ball pythons
  4 bats
  2 frilled lizards
  2 gnoll zombies
  8 goblin zombies (Ossuary)
  2 hobgoblin zombies (Ossuary)
  9 kobolds
  3 kobold zombies (Ossuary)
  12 rats
78 creatures vanquished.

Vanquished Creatures (others)
  5 toadstools (D:3)
5 creatures vanquished.

Grand Total: 83 creatures vanquished

Notes
Turn   | Place    | Note
-------+----------+-------------------------------------------
     0 | D:1      | DearestLeader the Spriggan Enchanter began the quest for
                  | the Orb.
     0 | D:1      | Reached XP level 1. HP: 9/9 MP: 5/5
   505 | D:1      | Reached XP level 2. HP: 7/13 MP: 4/6
   551 | D:1      | Learned a level 2 spell: Ensorcelled Hibernation
  1325 | D:2      | Reached skill level 5 in Stealth
  1325 | D:2      | Reached XP level 3. HP: 16/16 MP: 8/8
  1672 | D:2      | Reached XP level 4. HP: 21/21 MP: 0/9
  2923 | D:3      | Found a faded altar of an unknown god.
  3006 | D:4      | Found a shimmering blue altar of Sif Muna.
  3025 | D:4      | Found a sand-covered staircase.
  3035 | Ossuary  | Entered an ossuary
  3035 | Ossuary  | Noticed a wraith
  3035 | Ossuary  | Noticed a wraith
  3035 | Ossuary  | Noticed a wraith
  3040 | Ossuary  | Learned a level 3 spell: Confusing Touch
  3045 | Ossuary  | Learned a level 3 spell: Dazzling Flash
  3677 | Ossuary  | Noticed a wraith
  3832 | D:4      | Identified the Papyrus of Enchantment and Shape Shifting
  4309 | D:4      | Reached XP level 5. HP: 24/24 MP: 7/10
  4360 | D:4      | Reached skill level 6 in Stealth
  4836 | D:5      | Entered Level 5 of the Dungeon
  5130 | D:5      | Noticed an ice beast
  5148 | D:4      | Mangled by an ice beast

Illustrated notes

Levels and vault maps discovered:
D:1:      lightli_arrival_quake, layout_loops_ring, minmay_misc_feat_cross
D:2:      layout_loops_ring, minmay_pentomino_t2
D:3:      layout_basic, chequers_ecumenical_altar_lobes,
          minmay_gold_behind_fungi, eino_curves_01, minmay_statues_item
D:4:      layout_loops_corners, enter_ossuary_3, led_sif_book
D:5:      layout_loops_ring, nicolae_dithmenos_through_a_glass_darkly,
          tgw_kikubaaqudgha, uniq_duvessa, uniq_grinder

Skill      XL: |  1  2  3  4  5 |
---------------+----------------+-----
Spellcasting   | 3 |  3.0
Short Blades   | 2 3 4 |  4.2
Stealth        | 5 6 |  6.0
Hexes          | 4 |  4.8
Dodging        | |  3.0

Action                   |  1- 3 |  4- 6 || total
-------------------------+-------+-------++-------
Melee: Dagger            |    15 |    25 ||    40
       Short sword       |    96 |   105 ||   201
 Fire: Hunting sling     |     8 |       ||     8
Throw: Dart              |       |     4 ||     4
 Cast: Corona            |     8 |       ||     8
       Ensorcelled Hiber |    14 |    23 ||    37
       Confusing Touch   |       |     4 ||     4
       Dazzling Flash    |       |     2 ||     2
  Use: Scroll            |       |     6 ||     6
 Stab: Sleeping          |    14 |    18 ||    32
       Distracted        |     1 |       ||     1
       Confused          |       |     2 ||     2
Armor: Robe              |    16 |    16 ||    32
Dodge: Dodged            |    81 |    75 ||   156
